 Dungeon Crawl Stone Soup version 0.21.1-1-g345015f (console) character file.

2737 fly the Fighter (level 9, -2/106 HPs)
             Began as an Ogre Berserker on May 30, 2018.
             Was an Elder of Trog.
             Slain by a centaur (10 damage)
             ... on level 8 of the Dungeon.
             The game lasted 00:10:06 (7208 turns).

fly the Fighter (Ogre Berserker)                    Turns: 7208, Time: 00:10:07

Health: -2/106     AC:  3    Str: 25    XL:     9   Next: 67%
Magic:  9/9        EV: 16    Int:  8    God:    Trog [****..]
Gold:   348        SH:  0    Dex: 11    Spells: 8/8 levels left

rFire    + . .     SeeInvis .   a - +0 war axe
rCold    + . .     Gourm    .   (no shield)
rNeg     . . .     Faith    .   y - +0 animal skin
rPois    .         Spirit   .   (helmet restricted)
rElec    .         Reflect  .   w - scarf {rC+ rF+}
rCorr    .         Harm     .   (gloves unavailable)
MR       .....                  (boots unavailable)
Stlth    +.........             (no amulet)
HPRegen  0.27/turn              p - +4 ring of evasion
MPRegen  0.11/turn              j - +2 ring of strength

@: berserk cooldown, slowed, very slow
A: large, unfitting armour, tough skin 1
a: Berserk, Trog's Hand, Brothers in Arms, Burn Spellbooks, Renounce Religion


You were on level 8 of the Dungeon.
You worshipped Trog.
Trog was greatly pleased with you.
You were near starving.

You visited 2 branches of the dungeon, and saw 9 of its levels.

You collected 348 gold pieces.

Inventory:

Hand Weapons
 a - a +0 war axe (weapon)
 b - a +3 quarterstaff of chaos
Missiles
 g - 6 curare-tipped needles
Armour
 q - a +0 cloak of magic resistance
 w - a scarf of resistance (worn)
 y - a +0 animal skin (worn)
Jewellery
 i - an uncursed ring of stealth
 j - a +2 ring of strength (right hand)
 p - a +4 ring of evasion (left hand)
Wands
 m - a wand of acid (13)
 x - a wand of paralysis (10)
Scrolls
 d - 4 scrolls of teleportation {unknown}
 e - 2 scrolls of enchant weapon {unknown}
 f - a scroll of fear {unknown}
 l - 5 scrolls of identify {unknown}
 n - 2 scrolls of magic mapping {unknown}
 r - a scroll of blinking {unknown}
 s - a scroll of random uselessness {unknown}
 u - a scroll of immolation {unknown}
 v - 5 scrolls of amnesia {unknown}
 A - 2 scrolls of remove curse {unknown}
 D - a scroll of enchant armour {unknown}
Potions
 k - a potion of berserk rage {unknown}
 o - a potion of mutation {unknown}
 t - a potion of invisibility {unknown}
 z - a potion of ambrosia {unknown}
 B - a potion of cancellation {unknown}
 C - a potion of degeneration {unknown}
Comestibles
 c - 10 rations


   Skills:
 - Level 12.0 Fighting
 + Level 7.9 Axes
 - Level 6.0 Dodging


You had 8 spell levels left.
You didn't know any spells.

Dungeon Overview and Level Annotations

Branches:
Dungeon (8/15)             Temple (1/1) D:4
   Lair: D:8-11

Altars:
Ashenzari
Cheibriados
Dithmenos
Elyvilon
Fedhas
Gozag
Hepliaklqana
Kikubaaqudgha
Makhleb
Nemelex Xobeh
Okawaru
Qazlal
Ru
Sif Muna
Trog
Vehumet
Wu Jian
Xom
Yredelemnul
Zin
The Shining One

Shops:
D:7 [


Innate Abilities, Weirdness & Mutations

You are too large for most types of armour.
You have tough skin. (AC +1)


Message History

The wyvern bites you!
* * * LOW HITPOINT WARNING * * *
The centaur closely misses you. The wyvern bites you!
* * * LOW HITPOINT WARNING * * *
You feel a strong urge to attack something.
The centaur hits you!
* * * LOW HITPOINT WARNING * * *
The centaur closely misses you.
You feel your anger nearly subside. The centaur completely misses you.
You are too berserk!
Unknown command.
You are too berserk!
Unknown command.
You are no longer berserk.
You are exhausted.
You feel yourself slow down. The centaur hits you.
* * * LOW HITPOINT WARNING * * *
It was a potion of curing.
You feel better. The centaur hits you!
You die...

#.#######
##........
#.......#
#(......##
#........#
#........# #
####........#
#.#...cl#.#+#.
.#.#...@.###.#
.......(..(...#...
..................#
.........(....(...+
.........#.(...##.#
.........#.....# #
###......#.....#
#......#.....#
#......#.....#


You could see a wyvern and a centaur.

Vanquished Creatures
  Pikel (D:7)
  The ghost of Jaiteiro the Covert, an amateur OpAs (D:5)
  A hippogriff (D:6)
  The ghost of anotherperson the Cudgeler, an amateur GrFi (D:4)
  A phantom (D:4)
  A necrophage (D:8)
  An ogre (D:7)
  2 centaurs
  4 bullfrogs
  4 scorpions
  A bullfrog zombie (D:2)
  A crimson imp (D:5)
  6 hounds
  7 orc wizards
  Crazy Yiuf (D:6)
  A bullfrog skeleton (D:6)
  A centaur skeleton (D:4)
  3 orc priests
  An iguana (D:6)
  A mummy (D:5)
  A worker ant zombie (D:5)
  A gnoll (D:1)
  10 adders
  A shadow imp (D:6)
  3 adder zombies
  A worm (D:3)
  5 leopard geckos
  24 orcs
  2 ball pythons
  4 giant cockroaches
  9 goblins
  8 hobgoblins
  3 jackals (D:2)
  A quokka (D:3)
  14 bats
  5 frilled lizards
  2 hobgoblin zombies (D:5)
  3 kobolds
  A kobold zombie (D:5)
  An orc zombie (D:5)
  14 rats
153 creatures vanquished.

Vanquished Creatures (others)
  A scorpion (D:7)
  A hobgoblin (D:2)
2 creatures vanquished.

Grand Total: 155 creatures vanquished

Notes
Turn   | Place    | Note
-------+----------+-------------------------------------------
     0 | D:1      | fly the Ogre Berserker began the quest for the Orb.
     0 | D:1      | Reached XP level 1. HP: 24/24 MP: 1/1
   122 | D:1      | Reached XP level 2. HP: 30/32 MP: 2/2
   615 | D:1      | Reached XP level 3. HP: 13/39 MP: 3/3
  1058 | D:2      | Found an iron altar of Okawaru.
  1419 | D:2      | Reached ** piety under Trog
  1444 | D:2      | Reached XP level 4. HP: 38/48 MP: 4/4
  1545 | D:2      | Reached skill level 5 in Axes
  1806 | D:2      | Reached XP level 5. HP: 51/54 MP: 5/5
  2144 | D:3      | Reached XP level 6. HP: 30/62 MP: 6/6
  2571 | D:3      | Reached *** piety under Trog
  2864 | D:4      | Reached skill level 5 in Fighting
  2867 | D:4      | Reached XP level 7. HP: 72/72 MP: 7/7
  2869 | D:4      | Reached skill level 6 in Fighting
  3148 | D:4      | Noticed anotherperson's ghost (amateur GrFi)
  3167 | D:4      | Killed anotherperson's ghost
  3167 | D:4      | Reached skill level 5 in Dodging
  3474 | D:4      | Found a staircase to the Ecumenical Temple.
  3506 | Temple   | Entered the Ecumenical Temple
  3787 | D:4      | Reached XP level 8. HP: 66/83 MP: 8/8
  4136 | D:5      | Entered Level 5 of the Dungeon
  4655 | D:5      | Found a blossoming altar of Fedhas.
  4655 | D:5      | Found a sparkling altar of Nemelex Xobeh.
  4658 | D:5      | Found an ornate altar of the Wu Jian Council.
  4676 | D:5      | Noticed Jaiteiro's ghost (amateur OpAs)
  4695 | D:5      | Killed Jaiteiro's ghost
  4695 | D:5      | Reached skill level 7 in Fighting
  4980 | D:5      | Found a snail-covered altar of Cheibriados.
  4982 | D:5      | Found a stormy altar of Qazlal.
  5139 | D:6      | Found a runed door.
  5143 | D:6      | Noticed Crazy Yiuf
  5155 | D:6      | Killed Crazy Yiuf
  5248 | D:5      | Reached skill level 8 in Fighting
  5451 | D:6      | Reached skill level 9 in Fighting
  5988 | D:7      | Reached **** piety under Trog
  6124 | D:7      | Reached skill level 10 in Fighting
  6124 | D:7      | Reached XP level 9. HP: 85/101 MP: 9/9
  6176 | D:7      | Noticed Pikel
  6343 | D:7      | Killed Pikel
  6343 | D:7      | Reached skill level 11 in Fighting
  6594 | D:7      | Reached skill level 12 in Fighting
  6616 | D:7      | Found Myxo Soasu's Armour Emporium.
  7204 | D:8      | HP: 5/156 [centaur (7)]
  7207 | D:8      | HP: 1/104 [centaur (3)]
  7208 | D:8      | Slain by a centaur

Skill      XL: |  1  2  3  4  5  6  7  8  9 |
---------------+----------------------------+-----
Axes           | 4 5 6 7 |  7.9
Dodging        | 3 5 6 |  6.0
Fighting       | 5 6 10 12 | 12.0

Action                   |  1- 3 |  4- 6 |  7- 9 || total
-------------------------+-------+-------+-------++-------
Melee: Hand axe          |    85 |   138 |   287 ||   510
       War axe           |       |       |    47 ||    47
Invok: Berserk           |       |     3 |     9 ||    12
  Use: Potion            |       |       |     1 ||     1
 Stab: Sleeping          |     1 |     6 |     6 ||    13
  Eat: Chunk             |     1 |     7 |    22 ||    30
Armor: Animal skin       |    28 |    46 |    43 ||   117
Dodge: Dodged            |    42 |    90 |   232 ||   364
